AoeStats
← Mick 98

Arabia

509157631Analyzed
1v1 RM · 6d ago on Sep 25, 2026· 50m 30s· 2 players
Game mode
Random Map
Map size
Tiny (2 player)
Population
200
Speed
Normal
Resources
Standard
Victory
Conquest
Starting age
Dark Age
Ending age
Imperial Age
RankedLock teamsTeams togetherTeam positionsShared explorationLock speedFull tech treeHidden civsTurbo modeCheats
Victory
Defeat
🇦🇷 Varangians · Argentina
1306
+16
🇩🇪 Persians · Germany
1299
-16
Mick 98
6:53 Loom
9:25 Feudal Age
10:20 Double-Bit Axe
10:26 Horse Collar
18:44 Padded Archer Armor
22:28 Castle Age
20:49 Gold Mining
21:12 Bloodlines
21:58 Scale Barding Armor
21:46 Fletching
23:05 Husbandry
23:35 Bow Saw
23:55 Bodkin Arrow
26:24 Forging
29:09 Chain Barding Armor
33:36 Wheelbarrow
34:49 Iron Casting
39:46 Town Watch
45:11 Imperial Age
43:09 Crossbowman
44:14 Ballistics
43:57 Stone Mining
45:28 Thumb Ring
45:44 Leather Archer Armor
45:15 Heavy Camel Rider
46:52 Cavalier
47:58 Conscription
mtanke
6:53 Loom
9:10 Feudal Age
9:36 Double-Bit Axe
11:53 Bloodlines
17:45 Scale Barding Armor
22:47 Castle Age
20:55 Gold Mining
20:47 Horse Collar
21:48 Forging
23:50 Bow Saw
28:46 Chain Barding Armor
30:30 Iron Casting
32:19 Husbandry
33:20 Stone Mining
33:52 Heavy Plow
34:35 Wheelbarrow
37:59 Imperial Age
38:26 Vendel Legacy
38:45 Cavalier
38:51 Pikeman
40:38 Blast Furnace
40:11 Halberdier
41:30 Squires
42:19 Scale Mail Armor
44:28 Hand Cart
45:16 Plate Barding Armor
45:43 Two-Man Saw
45:15 Crop Rotation
46:44 Chain Mail Armor
Connection lost

Rejoining the realm…

Still unreachable

The connection could not be restored.

Session expired

The server has moved on; the page needs a fresh start.